 Dungeon Crawl Stone Soup version 0.22.1-2-g9c5b331 (webtiles) character file.

245 diana the Ruffian (level 5, 53/53 HPs)
             Began as a Troll Fighter on Dec 30, 2018.
             Was an Initiate of Okawaru.
             Quit the game in the Ecumenical Temple.
             The game lasted 00:03:18 (2683 turns).

diana the Ruffian (Troll Fighter)                   Turns: 2683, Time: 00:03:18

Health: 53/53      AC:  5    Str: 25    XL:     5   Next: 84%
Magic:  4/4        EV:  8    Int:  4    God:    Okawaru [......]
Gold:   184        SH:  9    Dex:  9    Spells: 4/4 levels left

rFire    . . .     SeeInvis .     - Unarmed
rCold    . . .     Gourm    +   b - +0 shield
rNeg     . . .     Faith    .   a - +0 robe
rPois    .         Spirit   .   (helmet restricted)
rElec    .         Reflect  .   (no cloak)
rCorr    .         Harm     .   (gloves unavailable)
MR       +....                  (boots unavailable)
Stlth    +.........             (no amulet)
HPRegen  0.57/turn              p - ring of protection from magic
MPRegen  0.09/turn              (no ring)

@: starving
A: large, unfitting armour, claws 3, fast metabolism 3, gourmand, regeneration
1, shaggy fur 1, tough skin 2
a: Renounce Religion


You were in the Ecumenical Temple.
You worshipped Okawaru.
Okawaru was noncommittal.
You were starving.

You visited 2 branches of the dungeon, and saw 5 of its levels.

You collected 184 gold pieces.

Inventory:

Armour
 a - a +0 robe (worn)
 b - a +0 shield (worn)
Jewellery
 p - a ring of protection from magic (left claw)
Wands
 n - a wand of random effects (23)
Scrolls
 e - 2 scrolls of remove curse {unknown}
 f - 2 scrolls of identify {unknown}
 h - a scroll of amnesia {unknown}
 j - a scroll of enchant armour {unknown}
 o - 3 scrolls of teleportation {unknown}
 r - a scroll of fog {unknown}
 t - a scroll of magic mapping {unknown}
Potions
 c - 2 potions of might
 g - a potion of degeneration {unknown}
 i - 3 potions of berserk rage {unknown}
 k - a potion of flight {unknown}
 l - a potion of lignification {unknown}
 m - 4 potions of curing {unknown}
 q - 3 potions of invisibility {unknown}
 s - a potion of mutation {unknown}
Comestibles
 d - 3 rations


   Skills:
 + Level 3.4 Fighting
 - Level 2.4 Dodging
 + Level 3.4 Shields
 * Level 4.6 Unarmed Combat


You had 4 spell levels left.
You didn't know any spells.
Your spell library was empty.

Dungeon Overview and Level Annotations

Branches:
Dungeon (4/15)             Temple (1/1) D:4

Altars:
Ashenzari
Cheibriados
Fedhas
Hepliaklqana
Kikubaaqudgha
Makhleb
Nemelex Xobeh
Okawaru
Qazlal
Sif Muna
Trog
Uskayaw
Vehumet
Wu Jian
Zin
The Shining One


Innate Abilities, Weirdness & Mutations

You are too large for most types of armour.
You have claws for hands.
Your metabolism is lightning-fast.
You like to eat raw meat.
Your natural rate of healing is unusually fast.
You are covered in fur. (AC +1)
You have very tough skin. (AC +2)


Message History

Number of times to repeat, then command key: You must enter the number of times for the command to repeat.
You open the large door.
There is a large open door here.
You open the large door.
Found a blossoming altar of Fedhas.
There is a large open door here.
You open the large door.
There is a large open door here.
You open the large door.
There is a large open door here.
You open the large door.
There is a large open door here.
You open the gate.
There is an open gate here.
There is an open door here.
There is an iron altar of Okawaru here.
You kneel at the altar of Okawaru.
Okawaru welcomes you!
Are you sure you want to abandon this character and quit the game? (Confirm

#..####....+#...#'....####..#
#..##.....#########.....##..#
#..#...##''...8...''##...#..#
#..#..###'.........'###..#..#
###''#''# #...##+##...#
#''#++## #......##
#..##...##..# ##......
#.......# #..#._._.#..#
#....... #.8..._.#
#8.'.....+.8# #._...8.
#.......# #..#.@._.#..#
#....... #......##
#..##...##..# ##......
###''#++ #...##'##...#
#''#++## #..#..
#'.........'###..#
#..#...##''...8...''##...#
#..##.....#########.....##
#..####....'#...#'....###
###''## ###..'.._..'..###
#....8########.....########


There were no monsters in sight!

Vanquished Creatures
  A scorpion (D:4)
  A hound (D:4)
  An orc priest (D:3)
  Jessica (D:2)
  4 adders
  An ooze (D:3)
  2 worms
  2 dart slugs
  5 leopard geckos
  3 orcs (D:3)
  4 bats
  4 giant cockroaches
  3 goblins
  5 hobgoblins
  6 jackals
  2 quokkas (D:2)
  A frilled lizard (D:1)
  4 kobolds
  5 rats
55 creatures vanquished.

Notes
Turn   | Place    | Note
-------+----------+-------------------------------------------
     0 | D:1      | diana the Troll Fighter began the quest for the Orb.
     0 | D:1      | Reached XP level 1. HP: 22/22 MP: 0/0
   163 | D:1      | Reached XP level 2. HP: 29/29 MP: 1/1
  1175 | D:2      | Reached skill level 3 in Unarmed Combat
  1175 | D:2      | Reached XP level 3. HP: 36/36 MP: 2/2
  1446 | D:2      | Noticed Jessica
  1453 | D:2      | Killed Jessica
  1453 | D:2      | Reached XP level 4. HP: 43/45 MP: 3/3
  1506 | D:2      | Found a sparkling altar of Nemelex Xobeh.
  1885 | D:3      | Found a bloodstained altar of Trog.
  2056 | D:3      | Found a hide-covered altar of Uskayaw.
  2289 | D:3      | Found a glowing silver altar of Zin.
  2323 | D:3      | Found a glowing golden altar of the Shining One.
  2326 | D:3      | Found an ancient bone altar of Kikubaaqudgha.
  2378 | D:3      | Found a shattered altar of Ashenzari.
  2396 | D:3      | Reached skill level 4 in Unarmed Combat
  2396 | D:3      | Reached XP level 5. HP: 12/53 MP: 4/4
  2482 | D:4      | Found a staircase to the Ecumenical Temple.
  2540 | Temple   | Entered the Ecumenical Temple
  2682 | Temple   | Became a worshipper of Warmaster Okawaru
  2683 | Temple   | Quit the game

Skill      XL: |  1  2  3  4 |
---------------+-------------+-----
Unarmed Combat | 3 4 |  4.6
Fighting       | 3 |  3.4
Shields        | 3 |  3.4
Dodging        | |  2.4

Action                   |  1- 3 |  4- 6 || total
-------------------------+-------+-------++-------
Melee: Unarmed           |    75 |    60 ||   135
 Stab: Sleeping          |     2 |       ||     2
  Eat: Ration            |     2 |     1 ||     3
       Chunk             |     2 |     7 ||     9
Armor: Robe              |    25 |    16 ||    41
Dodge: Dodged            |    24 |    13 ||    37
Block: Shield            |    25 |    24 ||    49
